 Dungeon Crawl Stone Soup version 0.31.0-9-g3a7656b989 (webtiles) character file.

Game seed: 2205389359651021202

1090 qw the Skirmisher (level 8, 0/40 HPs)
             Began as a Spriggan Hunter on Feb 2, 2024.
             Was a Follower of Okawaru.
             Slain by a sky beast (5 damage)
             ... on level 5 of the Dungeon.
             The game lasted 00:00:20 (3967 turns).

qw the Skirmisher (Spriggan Hunter)                 Turns: 3967, Time: 00:00:21

Health: 0/40       AC:  2    Str:  7    XL:     8   Next: 9%
Magic:  10/10      EV: 21    Int: 10    God:    Okawaru [*.....]
Gold:   175        SH:  0    Dex: 21    Spells: 7/7 levels left

rFire   . . .        a - +2 shortbow (freeze)
rCold   . . .        (shield currently unavailable)
rNeg    . . .        c - +0 robe
rPois   .            (helmet restricted)
rElec   .            (no cloak)
rCorr   .            (gloves unavailable)
SInv    +            (boots unavailable)
Will    ++...        f - amulet of the acrobat
Stlth   ++           b - ring of willpower
HPRegen 0.26/turn    (no ring)
MPRegen 0.12/turn

%: acrobat
@: about to teleport, very quick
A: very small, no large weapons, unfitting armour, see invisible, speed 3
a: Renounce Religion, Heroism


You were on level 5 of the Dungeon.
You worshipped Okawaru.
Okawaru was aware of your devotion.
You visited 1 branch of the dungeon, and saw 6 of its levels.

You collected 371 gold pieces.
You spent 196 gold pieces at shops.


Innate Abilities, Weirdness & Mutations

You are very small and have problems with some larger weapons.
You are too small for most types of armour.
You have supernaturally acute eyesight. (SInv)
You cover ground extremely quickly. (Speed+++)


   Skills:
 - Level 3.3 Fighting
 - Level 8.4 Ranged Weapons
 + Level 6.1 Dodging
 - Level 1.5 Stealth
 + Level 1.9 Invocations


You had 7 spell levels left.
You didn't know any spells.
Your spell library was empty.

Inventory:

Hand Weapons
 a - a +2 shortbow of freezing (weapon)
Armour
 c - a +0 robe (worn)
Jewellery
 b - a ring of willpower (left hand)
 f - an amulet of the acrobat (around neck)
Potions
 d - 4 potions of enlightenment
 e - a potion of brilliance {unknown}
 g - a potion of heal wounds {unknown}
 h - a potion of might {unknown}
 j - a potion of resistance {unknown}
 k - 3 potions of curing
 l - a potion of mutation {unknown}
 n - a potion of cancellation {unknown}

Dungeon Overview and Level Annotations

Branches:
Dungeon (6/15)
 Temple: D:4-7

Altars:
Okawaru
Sif Muna
Zin
The Shining One

Shops:
D:3 !   D:4 *


Message History

The arrow hits the gnoll but does no damage.
The gnoll is lightly wounded.
A sky beast comes into view.
You shoot an arrow. The arrow barely misses the gnoll.
You shoot an arrow. The arrow barely misses the gnoll.
You shoot an arrow. The arrow closely misses the gnoll.
You shoot an arrow. The arrow hits the gnoll.
The arrow freezes the gnoll.
The gnoll is moderately wounded.
3957 ||| STAIRDANCE You climb upwards.
There is a stone staircase leading down here.
You climb downwards.
The gnoll closely misses you. The gnoll misses you. The sky beast misses you.
The gnoll closely misses you. The gnoll barely misses you.
There is a stone staircase leading up here.
3961 ||| STAIRDANCE The sky beast hits you.
The sky beast shocks you.
The gnoll completely misses you. x2; The gnoll hits you with a +0 club.
You climb upwards.
There is a stone staircase leading down here.
You shoot an arrow. The arrow closely misses the gnoll.
The gnoll misses you. The gnoll barely misses you. The sky beast misses you.
You shoot an arrow. The arrow hits the gnoll!
The arrow freezes the gnoll.
You kill the gnoll!
Okawaru accepts your kill. The gnoll hits you with a +0 flail!
The sky beast closely misses you.
You shoot an arrow. The arrow hits the sky beast!
The arrow freezes the sky beast.
The sky beast is moderately wounded.
The gnoll hits you with a +0 flail. The sky beast hits you.
The sky beast shocks you.
3966 ||| READING scroll of teleportation.
As you read the scroll of teleportation, it crumbles to dust.
You feel strangely unstable. The gnoll barely misses you.
The sky beast barely misses you.
You shoot an arrow. The arrow hits the sky beast.
The arrow freezes the sky beast.
The sky beast is heavily wounded.
The gnoll closely misses you. The sky beast hits you. The sky beast shocks you.
You die...

##....#....###
##......### ###...##
#.### ####.#
###..|.###
###........#########
##...................
##..g@................
#....Y).......######..
##............##
#...## #.............#
#.....
##.............#
##.....
##.............##
#......
#..............#
##[.....
#..............#
#.......
#.............##
#..[....


You could see a sky beast and a gnoll.

Vanquished Creatures
  Pikel (D:5)
  Menkaure (D:4)
  An ogre (D:5)
  A lemure (D:5)
  2 scorpions
  A howler monkey (D:5)
  4 hounds
  An iguana (D:5)
  4 adders
  A gnoll (D:5)
  2 dart slugs (D:1)
  3 orcs
  4 bats
  7 endoplasms
  A giant cockroach (D:2)
  7 hobgoblins
  8 jackals
  8 kobolds
  3 quokkas
  8 ball pythons
  4 frilled lizards
  6 goblins
  6 rats
84 creatures vanquished.

Notes
Turn   | Place    | Note
-------+----------+-------------------------------------------
     0 | D:1      | qw the Spriggan Hunter began the quest for the Orb.
     0 | D:1      | Reached XP level 1. HP: 10/10 MP: 2/2
     0 | D:1      | 0 ||| qw: Version: 0.3-a-155-g5e7d8dd
     0 | D:1      | 0 ||| qw: Game counter: 504
     0 | D:1      | 0 ||| qw: Melee chars always use a shield: true
     0 | D:1      | 0 ||| qw: God list: Okawaru
     0 | D:1      | 0 ||| qw: Allow faded altars: false
     0 | D:1      | 0 ||| qw: Do Orc after clearing Dungeon:15 true
     0 | D:1      | 0 ||| qw: Do second Lair branch before Depths: true
     0 | D:1      | 0 ||| qw: Lair rune preference: random
     0 | D:1      | 0 ||| qw: Goals: Normal
     0 | D:1      | 0 ||| PLANNING D:1-11
    25 | D:1      | Reached skill level 3 in Dodging
   103 | D:1      | Reached XP level 2. HP: 14/14 MP: 3/3
   361 | D:1      | 361 ||| UPGRADING to amulet of the acrobat.
   366 | D:1      | 366 ||| READING scroll labelled PIOSTR RUFESTRATORON.
   441 | D:1      | 441 ||| READING scroll labelled DEXACALAYT.
   441 | D:1      | 441 ||| IDENTIFYING 2 metallic amethyst potions
   442 | D:1      | 442 ||| READING 2 scrolls labelled NIYCWO UCEDUEFOF.
   442 | D:1      | 442 ||| ENCHANTING +0 shortbow.
   443 | D:1      | 443 ||| READING scroll of enchant weapon.
   443 | D:1      | 443 ||| ENCHANTING +1 shortbow.
   444 | D:1      | 444 ||| READING 2 scrolls labelled GAANLETRA QAH GESK.
   447 | D:1      | 447 ||| DROPPING scroll of butterflies.
   617 | D:2      | Reached XP level 3. HP: 18/18 MP: 4/4
   854 | D:2      | Reached skill level 5 in Ranged Weapons
  1280 | D:2      | 1280 ||| UPGRADING to ring of willpower.
  1281 | D:2      | 1281 ||| READING scroll labelled HUIKLUTWAE.
  1281 | D:2      | 1281 ||| BRANDING +2 shortbow.
  1282 | D:2      | 1282 ||| READING 2 scrolls labelled MUHISEP SEOXZU.
  1283 | D:2      | 1283 ||| READING scroll labelled UXZYTW VOASHA.
  1284 | D:2      | 1284 ||| DRINKING 2 ruby potions.
  1285 | D:2      | 1285 ||| DROPPING scroll of noise.
  1287 | D:2      | 1287 ||| Stepping ~*~*~tactically~*~*~ (cloud).
  1295 | D:2      | HP: 4/18 [poisoned by you (poison gas)]
  1492 | D:3      | Reached XP level 4. HP: 22/22 MP: 5/5
  2015 | D:3      | Found Xyamob's Distillery.
  2027 | D:3      | 2027 ||| BUYING potion of curing (33 gold).
  2027 | D:3      | Bought a potion of curing for 33 gold pieces
  2027 | D:3      | 2027 ||| BUYING potion of curing (33 gold).
  2027 | D:3      | Bought a potion of curing for 33 gold pieces
  2027 | D:3      | 2027 ||| SHOPLISTING potion of haste (110 gold, have 75).
  2027 | D:3      | 2027 ||| SHOPLISTING potion of mutation (88 gold, have 75).
  2208 | D:4      | Noticed Menkaure
  2217 | D:4      | Killed Menkaure
  2218 | D:4      | Reached skill level 3 in Fighting
  2218 | D:4      | Reached XP level 5. HP: 15/28 MP: 6/6
  2274 | D:4      | Found an iron altar of Okawaru.
  2275 | D:4      | 2275 ||| PLANNING OKAWARU WORSHIP
  2283 | D:4      | Became a worshipper of Warmaster Okawaru
  2284 | D:4      | 2284 ||| PLANNING D:1-11
  2300 | D:4      | Found the +10 Black Knight's barding {ponderous, rPois rN+}
  2519 | D:4      | Found Wufir's General Store.
  2526 | D:4      | 2526 ||| BUYING 2 potions of enlightenment (130 gold).
  2526 | D:4      | Bought 2 potions of enlightenment for 130 gold pieces
  2526 | D:4      | 2526 ||| SHOPLISTING scroll of identify (26 gold, have 21).
  2526 | D:4      | 2526 ||| SHOPLISTING scroll of teleportation (39 gold, have
                  | 21).
  2644 | D:4      | Reached XP level 6. HP: 32/32 MP: 7/7
  2768 | D:4      | Reached skill level 6 in Ranged Weapons
  2884 | D:4      | Found a glowing silver altar of Zin.
  2935 | D:5      | Entered Level 5 of the Dungeon
  2943 | D:5      | Reached skill level 6 in Dodging
  2946 | D:5      | Reached * piety under Okawaru
  3051 | D:5      | Reached skill level 1 in Invocations
  3051 | D:5      | Reached XP level 7. HP: 34/36 MP: 8/8
  3096 | D:5      | Found a glowing golden altar of the Shining One.
  3097 | D:5      | Found a shimmering blue altar of Sif Muna.
  3220 | D:5      | 3220 ||| RETREEEEATING.
  3222 | D:5      | Noticed Pikel
  3223 | D:5      | 3223 ||| INVOKING Heroism.
  3227 | D:5      | 3227 ||| RETREEEEATING.
  3228 | D:5      | 3228 ||| RETREEEEATING.
  3229 | D:5      | 3229 ||| RETREEEEATING.
  3230 | D:5      | 3230 ||| RETREEEEATING.
  3231 | D:5      | 3231 ||| RETREEEEATING.
  3232 | D:5      | 3232 ||| RETREEEEATING.
  3233 | D:5      | 3233 ||| RETREEEEATING.
  3234 | D:5      | 3234 ||| RETREEEEATING.
  3235 | D:5      | 3235 ||| RETREEEEATING.
  3236 | D:5      | 3236 ||| RETREEEEATING.
  3242 | D:5      | 3242 ||| RETREEEEATING.
  3247 | D:5      | HP: 9/36 [Pikel/+0 whip of freezing (1)]
  3248 | D:5      | 3248 ||| READING 2 scrolls of teleportation.
  3249 | D:5      | HP: 4/36 [Pikel/+0 whip of freezing (2)]
  3284 | D:5      | 3284 ||| RETREEEEATING.
  3285 | D:5      | 3285 ||| RETREEEEATING.
  3286 | D:5      | 3286 ||| RETREEEEATING.
  3287 | D:5      | 3287 ||| RETREEEEATING.
  3288 | D:5      | 3288 ||| RETREEEEATING.
  3289 | D:5      | 3289 ||| RETREEEEATING.
  3290 | D:5      | 3290 ||| RETREEEEATING.
  3291 | D:5      | 3291 ||| RETREEEEATING.
  3292 | D:5      | 3292 ||| RETREEEEATING.
  3293 | D:5      | 3293 ||| RETREEEEATING.
  3294 | D:5      | 3294 ||| RETREEEEATING.
  3299 | D:5      | Killed Pikel
  3300 | D:5      | Reached skill level 8 in Ranged Weapons
  3300 | D:5      | Reached XP level 8. HP: 12/40 MP: 10/10
  3871 | D:5      | 3871 ||| READING scroll labelled KOHAET BAGOAC.
  3872 | D:5      | 3872 ||| READING scroll labelled FEGITE YSUSKI.
  3957 | D:6      | 3957 ||| STAIRDANCE
  3961 | D:6      | 3961 ||| STAIRDANCE
  3965 | D:5      | HP: 8/40 [sky beast (5)]
  3966 | D:5      | 3966 ||| READING scroll of teleportation.
  3967 | D:5      | Slain by a sky beast

Levels and vault maps discovered:
D:1:      lemuel_arrival_broad_hall, layout_rooms
D:2:      layout_basic
D:3:      layout_basic, serial_shops, nicolae_shop_industrial_runoff,
          st_stairs_6
D:4:      layout_gridville, kennysheep_mini_moat, okawaru_trees_2, serial_shops,
          shop, uniq_menkaure
D:5:      layout_cave_pods, nicolae_overflow_squiral, uniq_pikel
D:6:      layout_loops_ring, lemuel_temple_firewalk_a, uniq_eustachio,
          uniq_sigmund

Skill      XL: |  1  2  3  4  5  6  7 |
---------------+----------------------+-----
Dodging        | 3 4 5 6 |  6.1
Ranged Weapons | 5 6 8 |  8.4
Fighting       | 3 |  3.3
Invocations    | 1 |  1.9
Stealth        | |  1.5

Action                     |  1- 3 |  4- 6 |  7- 9 || total
---------------------------+-------+-------+-------++-------
   Fire: Shortbow          |   104 |    91 |    53 ||   248
 Invoke: Heroism           |       |       |     1 ||     1
    Use: Scroll            |     8 |       |     4 ||    12
         Potion            |     1 |       |       ||     1
 Armour: Robe              |     4 |     6 |    12 ||    22
  Dodge: Dodged            |    18 |    24 |    31 ||    73

Table legend:
 A = Non-vault XP
 B = Vault XP
 C = Vault XP percentage of total XP
 D = Non-vault monster count
 E = Vault monster count
 F = Vault count percentage of total count
                 A         B        C        D         E       F
            +---------+---------+-------+---------+---------+-------
      Total |     734 |     824 |  52.9 |      80 |       3 |   3.6
            +---------+---------+-------+---------+---------+-------
        D:1 |      37 |       0 |   0.0 |      22 |       0 |   0.0
        D:2 |      57 |       0 |   0.0 |      21 |       0 |   0.0
        D:3 |      39 |       1 |   2.5 |      16 |       1 |   5.9
        D:4 |     226 |     172 |  43.2 |      12 |       1 |   7.7
        D:5 |     375 |     651 |  63.5 |       9 |       1 |  10.0
            +---------+---------+-------+---------+---------+-------
